 Dungeon Sprint DCSS version 0.30.1-11-g7821555f0a (webtiles) character file.

Game seed: 2481934829443781070

2231 Groucho the Geomancer (level 9, -2/81 HPs)
             Began as a Deep Elf Earth Elementalist on Dec 28, 2023.
             Was a High Priest of Vehumet.
             Killed by the air
             ... invoked by Gastronok
              (29 damage)
             ... in the Dungeon (Sprint VII: "The Pits").
             The game lasted 00:08:25 (3021 turns).

Groucho the Geomancer (Deep Elf Earth Elementalist) Turns: 3021, Time: 00:08:25

Health: -2/81      AC:  4    Str:  8    XL:     9   Next: 14%
Magic:  1/21       EV: 17    Int: 23    God:    Vehumet [*****.]
Gold:   0          SH:  0    Dex: 17    Spells: 14/22 levels left

rFire   . . .        h - +2 dagger
rCold   . . .        (no shield)
rNeg    . . .        a - +0 robe
rPois   .            p - +0 helmet
rElec   .            (no cloak)
rCorr   .            (no gloves)
SInv    .            q - +0 pair of boots
Will    .....        (no amulet) Stlth
                     l - +3 ring of strength
HPRegen 0.33/turn    m - +3 ring of evasion
MPRegen 0.17/turn

%: no teleportation
@: berserking, slowed
A: no striking features
a: Renounce Religion


You were in the Dungeon.
You worshipped Vehumet.
Vehumet was extremely pleased with you.
You visited 1 branch

Inventory:

Hand Weapons
 h - a +2 dagger (weapon)
 o - a +2 rapier of venom
Armour
 a - a +0 robe (worn)
 p - a +0 helmet (worn)
 q - a +0 pair of boots (worn)
 r - a +4 scale mail
Jewellery
 l - a +3 ring of strength (left hand)
 m - a +3 ring of evasion (right hand)
Scrolls
 g - a scroll of blinking
 j - 5 scrolls of amnesia
 k - a scroll of butterflies
Potions
 b - 4 potions of magic
 c - 6 potions of curing
 d - 9 potions of heal wounds
 e - a potion of haste
 f - 3 potions of berserk rage
 i - a potion of invisibility
 n - 2 potions of brilliance


   Skills:
 - Level 5.0 Fighting
 - Level 5.0 Short Blades
 + Level 2.8 Armour
 - Level 5.0 Dodging
 - Level 5.0 Stealth
 - Level 7.0 Spellcasting
 - Level 12.0 Conjurations
 - Level 10.0 Transmutations
 - Level 12.0 Earth Magic


You had 14 spell levels left.
You knew the following spells:

 Your Spells              Type           Power      Damage    Failure   Level
a - Sandblast             Erth           100%       2d20      1%          1
b - Stone Arrow           Conj/Erth      100%       3d13      1%          3
c - Petrify               Tmut/Erth      55%        N/A       1%          4

Your spell library contained the following spells:

 Spells                   Type           Power      Damage    Failure   Level
 Iskenderun's Mystic Bla  Conj/Tloc      35%        2d8       1%          4
 Passwall                 Tmut/Erth      45%        N/A       1%          2


Dungeon Overview and Level Annotations

Branches:
Dungeon (1/1)

Altars:
Ashenzari
Cheibriados
Dithmenos
Elyvilon
Fedhas
Gozag
Hepliaklqana
Kikubaaqudgha
Makhleb
Nemelex Xobeh
Okawaru
Qazlal
Ru
Sif Muna
Trog
Uskayaw
Vehumet
Wu Jian
Xom
Yredelemnul
Zin
The Shining One
Jiyva
Lugonu

Annotations:
D Gastronok


Message History

Aiming: Stone Arrow (safe; 1% risk of failure)
Press: ? - help, Shift-Dir - straight line, f/p - Gastronok
Aim: Gastronok, wearing the +3 hat of Pondering {ponderous, Will+ MP+10 Int+5} (severely wounded, 100% to hit)
The stone arrow hits Gastronok!
Gastronok is severely wounded.
Gastronok gurgles, "You're how I like my food.
Fast!"
Gastronok waves his eye-stalks in wide circles.
The air twists around and strikes you!
Unknown command.
Unknown command.
Unknown command.
Casting: Stone Arrow (safe; 1% risk of failure)
Confirm with . or Enter, or press ? or * to list all spells.
Aiming: Sandblast (safe; 1% risk of failure)
Press: ? - help, Shift-Dir - straight line, f/p - Gastronok
Aim: Gastronok, wearing the +3 hat of Pondering {ponderous, Will+ MP+10 Int+5} (severely wounded, 100% to hit)
The blast of sand hits Gastronok.
Gastronok is severely wounded.
Unknown command.
Casting: Sandblast (safe; 1% risk of failure)
Confirm with . or Enter, or press ? or * to list all spells.
Aiming: Sandblast (safe; 1% risk of failure)
Press: ? - help, Shift-Dir - straight line, f/p - Gastronok
Aim: Gastronok, wearing the +3 hat of Pondering {ponderous, Will+ MP+10 Int+5} (severely wounded, 100% to hit)
The blast of sand hits Gastronok!
Gastronok is almost dead.
Unknown command.
You hit Gastronok but do no damage.
Gastronok is almost dead.
Gastronok bites you!!
You hit Gastronok but do no damage.
Gastronok is almost dead.
Unknown command.
A red film seems to cover your vision as you go berserk!
You feel yourself moving faster!
You feel mighty! Gastronok bites you.
You puncture Gastronok!
Gastronok is almost dead.
Gastronok waves his eye-stalks in wide circles.
The air twists around and strikes you!!
You die...

________.# ________.#
______...###########++######
########'##................#
?(.')))'.##......#..#......#
########.##................+
..........'................+
#####'#####......#..#......#
#..#..#..##.....@w.).......#
#รท.)..'..#####'#####)'#####
##)####'###.......##''#####
#........##.......##..r...#
#........##.......##....###
#####'#####...<...##...##
#..[)))..##.......##w.##
#..[)))..##.......##..#
###########.......##..#


You could see Gastronok.

Vanquished Creatures
  A death yak (D)
  A kobold demonologist (D)
  A polar bear (D)
  Sigmund (D)
  2 flying skulls (D)
  A wraith (D)
  An acid dragon (D)
  An ogre (D)
  A phantom (D)
  A kobold brigand (D)
  A necrophage (D)
  A quasit (D)
  An orc priest (D)
  An orc wizard (D)
  3 gnolls (D)
  An adder (D)
  An adder skeleton (D)
  2 orcs (D)
  A hobgoblin (D)
  3 jackals (D)
  7 kobolds (D)
  A quokka (D)
  3 ball pythons (D)
  A ball python zombie (D)
  A rat (D)
39 creatures vanquished.

Notes
Turn   | Place    | Note
-------+----------+-------------------------------------------
     0 | D        | Groucho the Deep Elf Earth Elementalist began the quest for
                  | the Orb.
     0 | D        | Reached XP level 1. HP: 10/10 MP: 6/6
    38 | D        | Found a bloodstained altar of Trog.
    38 | D        | Found a shimmering blue altar of Sif Muna.
    38 | D        | Found a viscous altar of Jiyva.
    38 | D        | Found a hazy altar of Hepliaklqana.
    38 | D        | Found an opulent altar of Gozag.
    39 | D        | Found a glowing golden altar of the Shining One.
    39 | D        | Found a glowing silver altar of Zin.
    39 | D        | Found a basalt altar of Yredelemnul.
    39 | D        | Found a shimmering altar of Xom.
    39 | D        | Found an ornate altar of the Wu Jian Council.
    39 | D        | Found a sacrificial altar of Ru.
    39 | D        | Found a stormy altar of Qazlal.
    39 | D        | Found an iron altar of Okawaru.
    39 | D        | Found a sparkling altar of Nemelex Xobeh.
    39 | D        | Found a burning altar of Makhleb.
    39 | D        | Found a blossoming altar of Fedhas.
    39 | D        | Found a white marble altar of Elyvilon.
    39 | D        | Found a shadowy altar of Dithmenos.
    39 | D        | Found a snail-covered altar of Cheibriados.
    41 | D        | Found a corrupted altar of Lugonu.
    41 | D        | Found a radiant altar of Vehumet.
    42 | D        | Found a broken altar of Ashenzari.
    42 | D        | Found an ancient bone altar of Kikubaaqudgha.
    42 | D        | Found a hide-covered altar of Uskayaw.
    51 | D        | Became a worshipper of Vehumet
    76 | D        | Reached * piety under Vehumet
    76 | D        | Offered knowledge of Foxfire by Vehumet.
    84 | D        | Reached skill level 5 in Earth Magic
    84 | D        | Reached XP level 2. HP: 15/15 MP: 2/9
   344 | D        | Noticed Sigmund
   348 | D        | Killed Sigmund
   348 | D        | Offered knowledge of Freeze by Vehumet.
   348 | D        | Reached ** piety under Vehumet
   349 | D        | Reached skill level 5 in Spellcasting
   349 | D        | Reached XP level 3. HP: 18/19 MP: 6/11
   349 | D        | Reached XP level 4. HP: 23/24 MP: 7/13
   349 | D        | Reached XP level 5. HP: 26/28 MP: 7/14
   696 | D        | Learned a level 3 spell: Stone Arrow
   702 | D        | Noticed a phantom
   702 | D        | Noticed a flying skull
   710 | D        | Killed a phantom
   710 | D        | Offered knowledge of Mephitic Cloud by Vehumet.
   710 | D        | Noticed an ogre
   711 | D        | Reached skill level 5 in Conjurations
   714 | D        | Reached *** piety under Vehumet
   715 | D        | Reached XP level 6. HP: 7/32 MP: 2/15
   717 | D        | Killed a flying skull
   718 | D        | Reached skill level 10 in Conjurations
   759 | D        | Reached **** piety under Vehumet
  1042 | D        | Offered knowledge of Fulminant Prism by Vehumet.
  1043 | D        | Reached XP level 7. HP: 36/36 MP: 13/16
  1168 | D        | Learned a level 4 spell: Petrify
  1387 | D        | Noticed a death yak
  1393 | D        | Killed a death yak
  1393 | D        | Offered knowledge of Iskenderun's Battlesphere by Vehumet.
  1394 | D        | Reached skill level 5 in Dodging
  1394 | D        | Reached skill level 5 in Stealth
  1394 | D        | Reached XP level 8. HP: 37/45 MP: 9/20
  1632 | D        | Noticed a flying skull
  1633 | D        | Reached ***** piety under Vehumet
  1633 | D        | Offered knowledge of Eringya's Noxious Bog by Vehumet.
  1634 | D        | Killed a flying skull
  1635 | D        | Reached skill level 5 in Transmutations
  1891 | D        | Reached skill level 5 in Short Blades
  2068 | D        | Noticed a polar bear
  2072 | D        | Reached skill level 5 in Fighting
  2096 | D        | Killed a polar bear
  2855 | D        | Offered knowledge of Iskenderun's Mystic Blast by Vehumet.
  2856 | D        | Noticed a kobold demonologist
  2906 | D        | Killed a kobold demonologist
  2907 | D        | Reached skill level 10 in Transmutations
  2907 | D        | Reached skill level 1 in Armour
  2907 | D        | Reached XP level 9. HP: 54/54 MP: 13/21
  2988 | D        | Noticed Gastronok
  3021 | D        | Killed from afar by Gastronok

Illustrated notes

Levels and vault maps discovered:
D:        pitsprint [storerooms_1, entrance_room_1, metal_vault_6, armoury_2,
          mini_pit_1, grid_room_1, main_hall_1, silver_pit, the_coven_3,
          the_vestibule_1, steel_vault_3, golden_pit, hallway_of_sentries,
          crystal_vault_2, iron_vault_2, final_vault]

Skill      XL: |  1  2  3  4  5  6  7  8  9 |
---------------+----------------------------+-----
Earth Magic    | 5 11 12 | 12.0
Spellcasting   | 4 5 7 |  7.0
Conjurations   | 6 11 12 | 12.0
Fighting       | 2 5 |  5.0
Short Blades   | 3 5 |  5.0
Dodging        | 5 |  5.0
Stealth        | 5 |  5.0
Transmutations | 4 10 | 10.0
Armour         | 1 2 |  2.8

Action                     |  1- 3 |  4- 6 |  7- 9 || total
---------------------------+-------+-------+-------++-------
  Melee: Dagger            |       |       |    12 ||    12
   Cast: Sandblast         |    13 |     6 |     9 ||    28
         Stone Arrow       |       |    10 |    42 ||    52
    Use: Potion            |     1 |     4 |     4 ||     9
   Stab: Invisible         |       |       |     1 ||     1
 Armour: Robe              |     1 |     2 |     2 ||     5
  Dodge: Dodged            |     4 |     6 |     8 ||    18
